PA
ATHLETIC CLUB KC U-21 @ NEBRASKA PLAINSMEN
09/04/2027
 
TOP OF THE 1ST
Athletic Club KC U-21 batting - Pitching for Nebraska Plainsmen : RHP Eric Blauser
Pitching: RHP Eric Blauser
Batting: RHB Khal Drogo 0-0: Ball
1-0: Called Strike
1-1: Ball
2-1: Ball
3-1: Base on Balls
Batting: RHB Roberto Romero 0-0: Foul Ball, location: 2F
0-1: Ball
1-1: Ball
2-1: Ball
3-1: Fly out, F4 (Popup, 4)
Batting: RHB Tony Osorio 0-0: SINGLE (Line Drive, 8RS)
Khal Drogo to second
Batting: RHB Tasuku Goto 0-0: Foul Ball, location: 2F
0-1: Ball
1-1: Foul Ball, location: 2F
1-2: Fielders Choice at 2nd, 5-4 (Groundball, 56)
Khal Drogo to third
Batting: LHB Chi-hun Chong 0-0: Ball
Passed Ball!
Khal Drogo scores
Tasuku Goto to second
1-0: Ground out 6-3 (Groundball, 6)
Top of the 1st over - 1 run(s), 1 hit(s), 0 error(s), 1 left on base; Athletic Club KC 1 - Nebraska 0
BOTTOM OF THE 1ST
Nebraska Plainsmen batting - Pitching for Athletic Club KC U-21 : RHP Wayne Slade
Pitching: RHP Wayne Slade
Batting: SHB Tony Gutiérrez 0-0: Ball
1-0: SINGLE (Line Drive, 7LS)
Batting: LHB Gilberto Moreno 0-0: Fly out, F9 (Line Drive, 9)
Batting: LHB Lance Antle 0-0: Ball
1-0: SINGLE (Groundball, 34) (infield hit)
Tony Gutiérrez to second
Batting: SHB Keyveat Postell 0-0: Called Strike
Tony Gutiérrez is caught stealing 3rd base
Lance Antle to second
0-1: Ball
1-1: Called Strike
1-2: Foul Ball, location: 2F
1-2: Strikes out swinging
Bottom of the 1st over - 0 run(s), 2 hit(s), 0 error(s), 1 left on base; Athletic Club KC 1 - Nebraska 0
TOP OF THE 2ND
Athletic Club KC U-21 batting - Pitching for Nebraska Plainsmen : RHP Eric Blauser
Batting: SHB Gerald Merendino 0-0: Called Strike
0-1: Ball
1-1: Ball
2-1: Ball
3-1: Base on Balls
Batting: RHB Devin Ferris 0-0: Ball
1-0: Ball
2-0: Ball
3-0: Called Strike
3-1: Foul Ball, location: 2F
3-2: Fly out, F8 (Flyball, 8RD)
Batting: RHB Chee-hwa Tze 0-0: Ground out 5-3 (Groundball, 5S)
Gerald Merendino to second
Batting: RHB Dewey Nauss 0-0: Ball
1-0: Ball
2-0: Ball
3-0: Called Strike
3-1: Fly out, F9 (Flyball, 9)
Top of the 2nd over - 0 run(s), 0 hit(s), 0 error(s), 1 left on base; Athletic Club KC 1 - Nebraska 0
BOTTOM OF THE 2ND
Nebraska Plainsmen batting - Pitching for Athletic Club KC U-21 : RHP Wayne Slade
Batting: LHB Josh Platt 0-0: Ground out 4-3 (Groundball, 4)
Batting: LHB Pedro García 0-0: DOUBLE (Groundball, 5L)
Batting: RHB Harith Karim 0-0: Called Strike
Pedro García steals 3rd base
0-1: Swinging Strike
0-2: SINGLE (Line Drive, 4M)
Pedro García scores
Batting: SHB Bill Bambridge 0-0: Foul Ball, location: 2F
0-1: Ball
1-1: Ball
2-1: Ball
3-1: SINGLE (Groundball, 4M) (infield hit)
Harith Karim to second
Batting: LHB Michael Cochran 0-0: Called Strike
0-1: Foul Ball, location: 2F
0-2: Fielders Choice at 2nd, 4-6 (Groundball, 4)
Harith Karim to third
Batting: SHB Tony Gutiérrez 0-0: Ball
1-0: Foul Ball, location: 2F
1-1: DOUBLE (Line Drive, 8LXD)
Harith Karim scores
Michael Cochran to third
Runner from 3rd tries for Home, SAFE, no throw
Batting: LHB Gilberto Moreno 0-0: Foul Ball, location: 2F
0-1: Ball
1-1: Ball
2-1: Ball
3-1: Base on Balls
Batting: LHB Lance Antle 0-0: Ball
1-0: Swinging Strike
1-1: SINGLE (Flyball, 78S)
Tony Gutiérrez to third
Gilberto Moreno to second
Runner from 3rd tries for Home, SAFE, no throw
Batting: SHB Keyveat Postell 0-0: Called Strike
0-1: Foul Ball, location: 2F
0-2: Ball
1-2: Fly out, F9 (Flyball, 9LSF)
Bottom of the 2nd over - 4 run(s), 5 hit(s), 0 error(s), 2 left on base; Athletic Club KC 1 - Nebraska 4
TOP OF THE 3RD
Athletic Club KC U-21 batting - Pitching for Nebraska Plainsmen : RHP Eric Blauser
Batting: RHB Khal Drogo 0-0: Ball
1-0: Foul Ball, location: 2F
1-1: Foul Ball, location: 2F
1-2: Ball
2-2: Reached on error, E9 (Line Drive, 9)
Batting: RHB Roberto Romero 0-0: Foul Ball, location: 2F
0-1: Ground out 4-3 (Groundball, 4)
Khal Drogo to third
Batting: RHB Tony Osorio 0-0: SINGLE (Line Drive, 6MD)
Khal Drogo scores
Batting: RHB Tasuku Goto 0-0: Called Strike
0-1: Called Strike
0-2: Ball
1-2: Strikes out swinging
Tony Osorio is caught stealing 2nd base
Batter strikes out.
Top of the 3rd over - 1 run(s), 1 hit(s), 1 error(s), 0 left on base; Athletic Club KC 2 - Nebraska 4
BOTTOM OF THE 3RD
Nebraska Plainsmen batting - Pitching for Athletic Club KC U-21 : RHP Wayne Slade
Batting: LHB Josh Platt 0-0: Ball
1-0: Ground out 3-1 (Groundball, 34)
Batting: LHB Pedro García 0-0: Ball
1-0: Called Strike
1-1: Ball
2-1: Fly out, F7 (Flyball, 78S)
Batting: RHB Harith Karim 0-0: Called Strike
0-1: Fly out, F9 (Flyball, 9)
Bottom of the 3rd over - 0 run(s), 0 hit(s), 0 error(s), 0 left on base; Athletic Club KC 2 - Nebraska 4
TOP OF THE 4TH
Athletic Club KC U-21 batting - Pitching for Nebraska Plainsmen : RHP Eric Blauser
Batting: LHB Chi-hun Chong 0-0: Foul Ball, location: 2F
0-1: SINGLE (Line Drive, 9LS)
Batting: SHB Gerald Merendino 0-0: Called Strike
0-1: Ball
1-1: Ball
2-1: Ball
3-1: Fly out, F8 (Flyball, 8RD)
Batting: RHB Devin Ferris 0-0: Ball
1-0: Ball
2-0: Swinging Strike
2-1: Fly out, F7 (Flyball, 78M)
Batting: RHB Chee-hwa Tze 0-0: Called Strike
0-1: Foul Ball, location: 2F
0-2: Strikes out swinging
Top of the 4th over - 0 run(s), 1 hit(s), 0 error(s), 1 left on base; Athletic Club KC 2 - Nebraska 4
BOTTOM OF THE 4TH
Nebraska Plainsmen batting - Pitching for Athletic Club KC U-21 : RHP Wayne Slade
Batting: SHB Bill Bambridge 0-0: Called Strike
0-1: Swinging Strike
0-2: Strikes out swinging
Batting: LHB Michael Cochran 0-0: Swinging Strike
0-1: Called Strike
0-2: Fly out, F9 (Flyball, 9LSF)
Batting: SHB Tony Gutiérrez 0-0: Called Strike
0-1: Ground out 6-3 (Groundball, 6S)
Bottom of the 4th over - 0 run(s), 0 hit(s), 0 error(s), 0 left on base; Athletic Club KC 2 - Nebraska 4
TOP OF THE 5TH
Athletic Club KC U-21 batting - Pitching for Nebraska Plainsmen : RHP Eric Blauser
Batting: RHB Dewey Nauss 0-0: Ball
1-0: Ball
2-0: Ball
3-0: Called Strike
3-1: Foul Ball, location: 2F
3-2: Strikes out looking
Batting: RHB Khal Drogo 0-0: Foul Ball, location: 2F
0-1: Called Strike
0-2: Strikes out looking
Batting: RHB Roberto Romero 0-0: Swinging Strike
0-1: Ball
1-1: Ball
2-1: Fly out, F9 (Line Drive, 9LM)
Top of the 5th over - 0 run(s), 0 hit(s), 0 error(s), 0 left on base; Athletic Club KC 2 - Nebraska 4
BOTTOM OF THE 5TH
Nebraska Plainsmen batting - Pitching for Athletic Club KC U-21 : RHP Wayne Slade
Batting: LHB Gilberto Moreno 0-0: Called Strike
0-1: Ball
1-1: Called Strike
1-2: Ball
2-2: Ball
3-2: Strikes out swinging
Batting: LHB Lance Antle 0-0: Called Strike
0-1: Fly out, F7 (Line Drive, 7S)
Batting: SHB Keyveat Postell 0-0: Called Strike
0-1: Foul Ball, location: 2F
0-2: Ball
1-2: Strikes out swinging
Bottom of the 5th over - 0 run(s), 0 hit(s), 0 error(s), 0 left on base; Athletic Club KC 2 - Nebraska 4
TOP OF THE 6TH
Athletic Club KC U-21 batting - Pitching for Nebraska Plainsmen : RHP Eric Blauser
Batting: RHB Tony Osorio 0-0: Ball
1-0: Called Strike
1-1: SINGLE (Groundball, 56D)
Batting: RHB Tasuku Goto 0-0: Foul Ball, location: 2F
0-1: Ball
Tony Osorio is caught stealing 2nd base
1-1: Fly out, F5 (Popup, 56)
Batting: LHB Chi-hun Chong 0-0: Ball
1-0: Foul Ball, location: 2F
1-1: Foul Ball, location: 2F
1-2: Strikes out swinging
Top of the 6th over - 0 run(s), 1 hit(s), 0 error(s), 0 left on base; Athletic Club KC 2 - Nebraska 4
BOTTOM OF THE 6TH
Nebraska Plainsmen batting - Pitching for Athletic Club KC U-21 : RHP Wayne Slade
Batting: LHB Josh Platt 0-0: Called Strike
0-1: Ball
1-1: DOUBLE (Line Drive, 9LM)
Batting: LHB Pedro García 0-0: Called Strike
0-1: Called Strike
0-2: Foul Ball, location: 2F
0-2: Strikes out swinging
Batting: RHB Harith Karim 0-0: Swinging Strike
0-1: Ground out 4-3 (Groundball, 4)
Josh Platt to third
Batting: SHB Bill Bambridge 0-0: Ball
1-0: Called Strike
1-1: Fly out, F9 (Flyball, 9S)
Bottom of the 6th over - 0 run(s), 1 hit(s), 0 error(s), 1 left on base; Athletic Club KC 2 - Nebraska 4
TOP OF THE 7TH
Athletic Club KC U-21 batting - Pitching for Nebraska Plainsmen : RHP Eric Blauser
Batting: SHB Gerald Merendino 0-0: Swinging Strike
0-1: Ball
1-1: Called Strike
1-2: Foul Ball, location: 2F
1-2: Ball
2-2: Foul Ball, location: 2F
2-2: Foul Ball, location: 2F
2-2: Strikes out swinging
Batting: RHB Devin Ferris 0-0: Fly out, F4 (Popup, 4D)
Batting: RHB Chee-hwa Tze 0-0: Foul Ball, location: 2F
0-1: Called Strike
0-2: Ball
1-2: Foul Ball, location: 2F
1-2: Ball
2-2: DOUBLE (Flyball, 8LD)
Batting: RHB Dewey Nauss 0-0: Ball
1-0: Ball
2-0: Called Strike
2-1: Foul Ball, location: 2F
2-2: Ball
3-2: Strikes out swinging
Top of the 7th over - 0 run(s), 1 hit(s), 0 error(s), 1 left on base; Athletic Club KC 2 - Nebraska 4
BOTTOM OF THE 7TH
Nebraska Plainsmen batting - Pitching for Athletic Club KC U-21 : RHP Wayne Slade
Batting: LHB Michael Cochran 0-0: SINGLE (Line Drive, 7LS)
Batting: SHB Tony Gutiérrez 0-0: Ball
1-0: Bunted foul
1-1: Ball
2-1: Sac Bunt - play at first, batter OUT! 1-4
Michael Cochran to second
Batting: LHB Gilberto Moreno 0-0: Ball
1-0: Ground out 3-1 (Groundball, 34)
Michael Cochran to third
Batting: LHB Lance Antle 0-0: Called Strike
0-1: Ball
1-1: Ball
2-1: Ball
3-1: Ground out 4-3 (Groundball, 4)
Bottom of the 7th over - 0 run(s), 1 hit(s), 0 error(s), 1 left on base; Athletic Club KC 2 - Nebraska 4
TOP OF THE 8TH
Athletic Club KC U-21 batting - Pitching for Nebraska Plainsmen : RHP Eric Blauser
Pitching: RHP Jim Unknown
Batting: RHB Khal Drogo 0-0: Ground out 4-3 (Groundball, 4)
Batting: RHB Roberto Romero 0-0: Ball
1-0: Ball
2-0: Ball
3-0: Called Strike
3-1: Ground out 4-3 (Groundball, 4)
Batting: RHB Tony Osorio 0-0: Ball
1-0: Ground out 6-3 (Groundball, 6)
Top of the 8th over - 0 run(s), 0 hit(s), 0 error(s), 0 left on base; Athletic Club KC 2 - Nebraska 4
BOTTOM OF THE 8TH
Nebraska Plainsmen batting - Pitching for Athletic Club KC U-21 : RHP Wayne Slade
Batting: SHB Keyveat Postell 0-0: Ball
1-0: Fly out, F6 (Line Drive, 6)
Batting: LHB Josh Platt 0-0: Ground out 1-3 (Groundball, P)
Batting: LHB Pedro García 0-0: Called Strike
0-1: Swinging Strike
0-2: Ball
1-2: Ground out U3 (Groundball, 3)
Bottom of the 8th over - 0 run(s), 0 hit(s), 0 error(s), 0 left on base; Athletic Club KC 2 - Nebraska 4
TOP OF THE 9TH
Athletic Club KC U-21 batting - Pitching for Nebraska Plainsmen : RHP Jim Unknown
Batting: RHB Tasuku Goto 0-0: Foul Ball, location: 2F
0-1: Swinging Strike
0-2: Strikes out looking
Batting: LHB Chi-hun Chong 0-0: Called Strike
0-1: Ball
1-1: Foul Ball, location: 2F
1-2: Ball
2-2: Ball
3-2: TRIPLE (Flyball, 8LD)
Pinch Hitting: LHB Jim Unknown 0-0: Ball
1-0: Ground out 4-3 (Groundball, 4S)
Chi-hun Chong scores
Pinch Hitting: RHB Jim Unknown 0-0: Ball
1-0: Ball
2-0: Ball
3-0: Called Strike
3-1: DOUBLE (Flyball, 89M)
Batting: RHB Chee-hwa Tze 0-0: Called Strike
0-1: Ball
1-1: Swinging Strike
1-2: Ball
2-2: Foul Ball, location: 2F
2-2: Foul Ball, location: 2F
2-2: Strikes out swinging
Top of the 9th over - 1 run(s), 2 hit(s), 0 error(s), 1 left on base; Athletic Club KC 3 - Nebraska 4
Saturday, May 26th, 2018 - OOTP Baseball 17.12 Build 75